 Dungeon Crawl Stone Soup version 0.18.1-8-gdd0e5ea (webtiles) character file.

548 M4edhros the Covert (level 7, -3/64 HPs)
             Began as an Octopode Artificer on June 7, 2016.
             Slain by a killer bee (4 damage)
             ... on level 5 of the Dungeon.
             The game lasted 00:03:51 (2726 turns).

M4edhros the Covert (Octopode Artificer)            Turns: 2726, Time: 00:03:53

Health: -3/64      AC: 23    Str: 11    XL:     7   Next: 28%
Magic:  9/9        EV:  2    Int: 19    God:
Gold:   345        SH:  0    Dex: 14    Spells: 0 memorised, 6 levels left

rFire  . . .     SeeInvis .     i - +2 hand axe (flame)
rCold  . . .     Gourm    .     (no shield)
rNeg   + + +     Faith    .     (helmet currently unavailable)
rPois  +         Spirit   .     (no amulet)
rElec  .         Dismiss  .     (no ring)
rCorr  .         Reflect  .     (no ring)
SustAt .         Harm     .     (no ring)
MR     .....     NoTele   +     (no ring)
Stlth  +++++++...               (no ring)
                                (no ring)
                                (no ring)
                                (no ring)

@: brilliant, lethally poisoned (-3 -> -10), tree-form, not resistant to hostile
enchantments, extremely stealthy
A: almost no armour, (amphibious), 8 rings, (constrict 8), (camouflage 0),
(gelatinous body 0)
a: no special abilities


You were on level 5 of the Dungeon.
You were not hungry.
You were a tree.
You visited 1 branch of the dungeon, and saw 5 of its levels.
You also visited: Ossuary.

You collected 345 gold pieces.

Inventory:

Hand Weapons
 a - a +0 short sword
 i - a +2 hand axe of flaming (weapon)
Wands
 b - a wand of flame (0/48)
 c - a wand of enslavement (7/24)
 d - a wand of random effects (10/48)
Scrolls
 j - a scroll of blinking
 k - 2 scrolls of remove curse
 s - a scroll of enchant weapon
Potions
 g - a potion of agility {unknown}
 h - a potion of heal wounds {unknown}
 n - 3 potions of brilliance
 o - a potion of lignification
 q - 2 potions of cancellation
 r - a potion of berserk rage {unknown}
 t - a potion of flight {unknown}
Comestibles
 f - 2 bread rations
 l - 2 meat rations


   Skills:
 - Level 1.0 Fighting
 - Level 1.0 Short Blades
 - Level 2.0 Dodging
 + Level 10.6 Stealth
 - Level 3.2 Evocations


You had 6 spell levels left.
You didn't know any spells.

Dungeon Overview and Level Annotations

Branches:
Dungeon (5/15)
 Temple: D:4-7

Altars:
Ashenzari


Innate Abilities, Weirdness & Mutations

You cannot wear most types of armour.
((You are amphibious.))
You can wear up to eight rings at the same time.
((You can use your tentacles to constrict eight enemies at once.))
((Your skin changes colour to match your surroundings (Stealth).))
((Your rubbery body absorbs attacks (AC +1).))


Message History

* * * LOW HITPOINT WARNING * * *
You are lethally poisoned!
The killer bee poisons you! The killer bee barely misses you.
Unknown command.
Drink which item? (? for menu, Esc to quit)
It was a potion of brilliance.
You feel clever all of a sudden.
You constrict the killer bee.
* * * LOW HITPOINT WARNING * * *
You feel sick. The killer bee barely misses you.
The killer bee closely misses you.
Unknown command.
Drink which item? (? for menu, Esc to quit)
It was a potion of lignification.
You turn into a tree.
Your roots penetrate the ground.
You lose your grip on the killer bee.
* * * LOW HITPOINT WARNING * * *
You feel sick. The killer bee stings you.
* * * LOW HITPOINT WARNING * * *
The killer bee stings you.
You die...

#.#.#
#+#.###........###
#.#.#
...............+
...............#
.....Z..........
.................
###y...........
#............
#.########.##+#.#.#.
#.[..†..♣y..# ..
############# ## # #
# . # # #


You could see a killer bee.

Vanquished Creatures
  A killer bee (D:5)
  A scorpion (D:4)
  A hound (D:5)
  A gnoll shaman (D:4)
  A worker ant (D:5)
  2 big kobold zombies (Ossuary)
  7 mummies (Ossuary)
  2 adders (D:2)
  2 gnolls (D:4)
  A worm (D:4)
  2 dart slugs
  A giant gecko (D:5)
  3 orcs (D:5)
  2 giant cockroaches (D:4)
  5 goblins
  3 hobgoblins
  A kobold (D:2)
  3 giant newts
  2 gnoll zombies (Ossuary)
  2 kobold zombies (Ossuary)
43 creatures vanquished.

Vanquished Creatures (collateral kills)
  A two-headed ogre (D:5)
  2 killer bees (D:5)
  A giant frog zombie (D:5)
  A gnoll zombie (Ossuary)
  A kobold zombie (Ossuary)
6 creatures vanquished.

Vanquished Creatures (others)
  A killer bee (D:5)
  A mummy (Ossuary)
  An adder (D:2)
  A gnoll (D:4)
4 creatures vanquished.

Grand Total: 53 creatures vanquished

Notes
Turn   | Place    | Note
--------------------------------------------------------------
     0 | D:1      | M4edhros the Octopode Artificer began the quest for the Orb.
     0 | D:1      | Reached XP level 1. HP: 13/13 MP: 3/3
    35 | D:1      | Reached skill level 2 in Stealth
   335 | D:1      | Reached XP level 2. HP: 14/18 MP: 4/4
   351 | D:2      | Reached skill level 3 in Stealth
   604 | D:2      | Reached skill level 4 in Stealth
   617 | D:2      | Reached XP level 3. HP: 11/23 MP: 5/5
   822 | D:4      | Found a shattered altar of Ashenzari.
  1085 | D:4      | Reached skill level 5 in Stealth
  1365 | D:4      | Noticed a scorpion
  1381 | D:4      | Reached skill level 6 in Stealth
  1381 | D:4      | Reached XP level 4. HP: 25/28 MP: 6/6
  1491 | D:4      | Reached skill level 7 in Stealth
  1491 | D:4      | Reached XP level 5. HP: 5/33 MP: 7/7
  1805 | D:5      | Entered Level 5 of the Dungeon
  1828 | D:5      | Noticed an orc warrior
  1845 | D:5      | Noticed a two-headed ogre
  1859 | D:5      | Killed a two-headed ogre
  1859 | D:5      | Reached skill level 8 in Stealth
  1859 | D:5      | Reached XP level 6. HP: 22/38 MP: 8/8
  1899 | D:5      | Found a sand-covered staircase.
  1906 | Ossuary  | Entered an ossuary
  2062 | Ossuary  | Reached skill level 9 in Stealth
  2634 | D:5      | Reached skill level 10 in Stealth
  2634 | D:5      | Reached XP level 7. HP: 43/43 MP: 9/9
  2723 | D:5      | HP: 2/43 [killer bee (9)]
  2726 | D:5      | Slain by a killer bee

Skill      XL: |  1  2  3  4  5  6 |
---------------+-------------------+-----
Stealth        | 2 4 6 7 8 10 | 10.6
Fighting       | |  1.0
Short Blades   | |  1.0
Dodging        | |  2.0
Evocations     | |  3.2

Action                   |  1- 3 |  4- 6 |  7- 9 || total
-------------------------+-------+-------+-------++-------
Melee: Short sword       |    18 |       |       ||    18
       Constrict         |    12 |    10 |     1 ||    23
       Tentacles         |     7 |     4 |     1 ||    12
       Hand axe          |    25 |    36 |     6 ||    67
Evoke: Wand              |     6 |    18 |     4 ||    28
  Use: Scroll            |       |     7 |       ||     7
       Potion            |       |       |     4 ||     4
 Stab: Sleeping          |     4 |     4 |       ||     8
  Eat: Chunk             |     1 |     4 |     1 ||     6
Armor: Skin              |     1 |       |       ||     1
Dodge: Dodged            |    22 |    18 |    11 ||    51
